 Dungeon Crawl Stone Soup version 0.23.2-1-ga50397a6bc (webtiles) character file.

Game seed: 15992370721326228265

5047 Ethylacetat the Arsonist (level 10, -12/71 HPs)
             Began as a Mummy Fire Elementalist on May 18, 2019.
             Killed by the air
             ... invoked by Gastronok
              (33 damage)
             ... on level 8 of the Dungeon.
             The game lasted 00:36:54 (10711 turns).

Ethylacetat the Arsonist (Mummy Fire Elementalist) Turns: 10711, Time: 00:36:54

Health: -12/71     AC: 18    Str: 12    XL:     10   Next: 30%
Magic:  7/17       EV: 11    Int: 18    God:
Gold:   340        SH:  0    Dex: 12    Spells: 10/19 levels left

rFire    x . .     SeeInvis .   p - +2 whip (drain)
rCold    + . .     Gourm    .   (no shield)
rNeg     + + +     Faith    .   y - +0 pearl dragon scales
rPois    ∞         Spirit   .   g - +2 hat
rElec    .         Reflect  .   k - +2 cloak
rCorr    .         Harm     +   d - +2 pair of gloves
MR       +....                  (no boots)
Stlth    ..........             w - amulet of harm
HPRegen  0.21/turn              h - ring of wizardry
MPRegen  0.15/turn              s - +3 ring of evasion

@: no status effects
A: no food or potions, fire vulnerability, cold resistance 1, negative energy
resistance 3, torment resistance, unbreathing
a: no special abilities


You were on level 8 of the Dungeon.
You were not hungry.

You visited 2 branches of the dungeon, and saw 9 of its levels.
You also visited: Sewer.

You collected 340 gold pieces.

Inventory:

Hand Weapons
 p - a +2 whip of draining (weapon)
Armour
 a - a +0 robe
 d - a +2 pair of gloves (worn)
 g - a +2 hat (worn)
 k - a +2 cloak (worn)
 y - +0 pearl dragon scales (worn)
Jewellery
 h - a ring of wizardry (left hand)
 s - a +3 ring of evasion (right hand)
 v - an uncursed ring of protection from magic
 w - an amulet of harm (around neck)
Wands
 b - a wand of clouds (4)
 q - a wand of polymorph (8)
 t - a wand of disintegration (18)
Scrolls
 c - 2 scrolls of identify
 e - 4 scrolls of blinking {unknown}
 f - 4 scrolls of remove curse
 i - 3 scrolls of immolation
 j - 2 scrolls of fog {unknown}
 l - 7 scrolls of teleportation
 m - 5 scrolls of amnesia
 n - 2 scrolls of enchant armour
 o - a scroll of magic mapping {unknown}
 r - 2 scrolls of fear {unknown}
 u - a scroll of enchant weapon {unknown}
 x - a scroll of noise {unknown}


   Skills:
 + Level 3.9 Fighting
   Level 0.0 Polearms
 + Level 1.2 Armour
 - Level 1.5 Dodging
 - Level 1.5 Stealth
 - Level 5.0 Spellcasting
 * Level 8.4 Conjurations
 * Level 8.8 Fire Magic


You had 10 spell levels left.
You knew the following spells:

 Your Spells              Type           Power        Failure   Level  Hunger
a - Flame Tongue          Conj/Fire      #####        1%          1    N/A
b - Conjure Flame         Conj/Fire      #####...     3%          3    N/A
c - Fireball              Conj/Fire      #####.....   32%         5    N/A

Your spell library contained the following spells:

 Spells                   Type           Power        Failure   Level  Hunger
 Throw Flame              Conj/Fire      #####.       1%          2    N/A
 Sticky Flame             Conj/Fire      #####...     12%         4    N/A
 Inner Flame              Hex/Fire       ###.....     19%         3    N/A
 Cause Fear               Hex            #.........   98%         4    N/A
 Silence                  Hex/Air        #.........   100%        5    N/A
 Yara's Violent Unravell  Hex/Tmut       #.........   100%        5    N/A
 Deflect Missiles         Chrm/Air       #.........   100%        6    N/A
 Discord                  Hex            #.........   100%        8    N/A

Dungeon Overview and Level Annotations

Branches:
Dungeon (8/15)             Temple (1/1) D:5
   Lair: D:8-11

Altars:
Ashenzari
Cheibriados
Dithmenos
Elyvilon
Fedhas
Hepliaklqana
Kikubaaqudgha
Makhleb
Nemelex Xobeh
Okawaru
Qazlal
Ru
Sif Muna
Trog
Uskayaw
Vehumet
Wu Jian
Xom
Yredelemnul
Zin
The Shining One
Beogh

Shops:
D:4 (   D:7 (

Annotations:
D:4 exclusion: statue
D:6 3 runed translucent doors, endorz's ghost, novice GrFi
D:7 3 runed translucent doors, Bnni's ghost, novice OpAs; Foic's ghost, novice TrMo; Mrkan's ghost, novice TrMo; brob4's ghost, novice MiFi; groda1's ghost, novice GrEE
D:8 Gastronok


Innate Abilities, Weirdness & Mutations

You do not eat or drink.
Your flesh is vulnerable to fire.
You are immune to poison.
Your flesh is cold resistant. (rC+)
You are immune to negative energy. (rN+++)
You are immune to unholy pain and torment.
You can survive without breathing.


Message History

You hit Gastronok.
Gastronok is heavily wounded.
The quokka bites you but does no damage.
The rat closely misses you.
You hit Gastronok but do no damage. You drain Gastronok.
Gastronok is heavily wounded.
The quokka bites you but does no damage.
The rat bites you but does no damage. Gastronok bites you but does no damage.
You hit Gastronok. You drain Gastronok.
Gastronok is severely wounded.
The quokka bites you. The rat bites you but does no damage.
The quokka completely misses you.
You hit Gastronok.
Gastronok is severely wounded.
The rat barely misses you. The quokka misses you. Gastronok bites you!
* * * LOW HITPOINT WARNING * * *
The quokka barely misses you.
Gastronok waves his eye-stalks in wide circles.
The air twists around and strikes you!
You die...

.......#######.#..(.######
......#...........((..#
#.#...........#(#
#..#.....##..##.###
#...#....##..##@..#
#....#..#....##...###
.)#.....#.............#####
.........#.#.#.#%..........
.......#.r@..(.#....(.#####
....##..#r...###....## ....
#w.....##....@.###
#........#..###.###....#
##.........####. #..#.#
#.#.....###..#.###..#.# #
#..####.##.#....÷.#.# #..
#.##.######z#.#
#..####.##.....@....#


You could see Gastronok, a quokka and a rat.

Vanquished Creatures
  Pikel (D:7)
  Joseph (D:7)
  Maurice (D:7)
  A hippogriff (D:7)
  A water moccasin (D:8)
  Duvessa (D:7)
  5 ice beasts
  2 phantoms
  2 sky beasts
  6 ogres
  4 centaurs
  A big kobold (D:7)
  4 bullfrogs
  Dowan (D:7)
  2 scorpions
  4 killer bees (D:7)
  3 wights (D:8)
  A howler monkey (D:6)
  A bullfrog zombie (D:8)
  2 crimson imps (D:7)
  A centaur zombie (D:5)
  A jelly (D:8)
  4 hounds
  5 orc priests
  9 orc wizards
  Crazy Yiuf (D:4)
  2 bullfrog skeletons
  A centaur skeleton (D:5)
  6 worker ants
  A killer bee zombie (D:5)
  A hound skeleton (D:4)
  A worker ant zombie (D:5)
  A howler monkey zombie (D:7)
  16 adders
  2 river rats (D:6)
  11 worms
  A dart slug (D:5)
  5 leopard geckos
  30 orcs
  9 bats
  2 giant cockroaches
  11 goblins
  5 hobgoblins
  4 jackals (Sewer)
  4 quokkas
  4 ball pythons
  A ball python skeleton (D:4)
  3 frilled lizards (Sewer)
  16 kobolds
  A leopard gecko zombie (D:7)
  8 rats
211 creatures vanquished.

Vanquished Creatures (others)
  A slave (D:7)
  A bullfrog (D:7)
  An adder (D:7)
  A plant (Sewer)
4 creatures vanquished.

Grand Total: 215 creatures vanquished

Notes
Turn   | Place    | Note
-------+----------+-------------------------------------------
     0 | D:1      | Ethylacetat the Mummy Fire Elementalist began the quest for
                  | the Orb.
     0 | D:1      | Reached XP level 1. HP: 13/13 MP: 4/4
    32 | D:1      | Reached skill level 1 in Conjurations
   306 | D:1      | Reached XP level 2. HP: 18/19 MP: 2/5
  1089 | D:1      | Found a deep blue altar of Sif Muna.
  1091 | D:1      | Found a shimmering altar of Xom.
  1091 | D:1      | Found a shadowy altar of Dithmenos.
  1093 | D:1      | Found a basalt altar of Yredelemnul.
  1093 | D:1      | Found a blossoming altar of Fedhas.
  1093 | D:1      | Found a shimmering altar of Xom.
  1222 | D:1      | Reached XP level 3. HP: 17/24 MP: 1/7
  1461 | D:2      | Found a snail-covered altar of Cheibriados.
  1632 | D:2      | Reached XP level 4. HP: 30/30 MP: 2/9
  1711 | D:2      | Found a blossoming altar of Fedhas.
  1730 | D:2      | Noticed a phantom
  1748 | D:2      | Killed a phantom
  1748 | D:2      | Reached XP level 5. HP: 14/35 MP: 2/10
  3104 | D:3      | Reached XP level 6. HP: 41/41 MP: 4/12
  4551 | D:4      | Reached XP level 7. HP: 46/46 MP: 10/13
  4564 | D:4      | Found Enolodwu's Antique Weapon Shop.
  4588 | D:4      | Found a radiant altar of Vehumet.
  4892 | D:4      | Reached skill level 5 in Spellcasting
  5136 | D:4      | Reached skill level 5 in Fire Magic
  5221 | D:4      | Learned a level 3 spell: Conjure Flame
  5227 | D:4      | Learned a level 5 spell: Fireball
  5252 | D:4      | Found a runed translucent door.
  5253 | D:4      | Noticed Crazy Yiuf
  5281 | D:4      | Killed Crazy Yiuf
  5430 | D:5      | Entered Level 5 of the Dungeon
  5436 | D:5      | Found a staircase to the Ecumenical Temple.
  5445 | Temple   | Entered the Ecumenical Temple
  5665 | D:5      | Reached skill level 5 in Conjurations
  5665 | D:5      | Reached XP level 8. HP: 52/52 MP: 7/15
  6657 | D:6      | Found a glowing drain.
  6669 | Sewer    | Entered a sewer
  7435 | D:6      | Found a runed translucent gate.
  7436 | D:6      | Found a runed translucent gate.
  7436 | D:6      | Noticed endorz's ghost (novice GrFi)
  7436 | D:6      | Identified the +3 plate armour of the Armoured One {rCorr}
  7437 | D:6      | Found a runed translucent gate.
  7443 | D:6      | Found a roughly hewn altar of Beogh.
  7510 | D:6      | Reached XP level 9. HP: 21/57 MP: 10/16
  7879 | D:6      | Found a faded altar of an unknown god.
  7879 | D:6      | Found a faded altar of an unknown god.
  7884 | D:6      | Found an ornate altar of the Wu Jian Council.
  7886 | D:6      | Found a hide-covered altar of Uskayaw.
  7888 | D:6      | Found a hazy altar of Hepliaklqana.
  8107 | D:7      | Found a runed translucent gate.
  8107 | D:7      | Found a runed translucent gate.
  8107 | D:7      | Found a runed translucent gate.
  8107 | D:7      | Noticed groda1's ghost (novice GrEE)
  8107 | D:7      | Noticed Mrkan's ghost (novice TrMo)
  8107 | D:7      | Noticed Bnni's ghost (novice OpAs)
  8107 | D:7      | Noticed brob4's ghost (novice MiFi)
  8140 | D:7      | Noticed Duvessa
  8212 | D:7      | Killed Duvessa
  8214 | D:7      | Noticed Dowan
  8223 | D:7      | Killed Dowan
  8223 | D:7      | Reached skill level 1 in Fighting
  8627 | D:7      | Noticed Foic's ghost (novice TrMo)
  8647 | D:7      | Noticed Pikel
  8673 | D:7      | Killed Pikel
  8983 | D:7      | Found a sacrificial altar of Ru.
  9577 | D:7      | Found Viuce's Antique Weapon Shoppe.
  9594 | D:7      | Reached XP level 10. HP: 61/70 MP: 10/17
 10013 | D:8      | Noticed Maurice
 10029 | D:8      | Noticed Joseph
 10416 | D:7      | Killed Joseph
 10416 | D:7      | Reached skill level 1 in Armour
 10562 | D:7      | Killed Maurice
 10688 | D:8      | Noticed Gastronok
 10711 | D:8      | Killed from afar by Gastronok

Skill      XL: |  1  2  3  4  5  6  7  8  9 10 |
---------------+-------------------------------+-----
Conjurations   | 1 2 3 5 6 8 |  8.4
Spellcasting   | 3 4 5 |  5.0
Fire Magic     | 3 4 5 7 8 |  8.8
Fighting       | 3 |  3.9
Armour         | 1 |  1.2
Dodging        | |  1.5
Stealth        | |  1.5

Action                   |  1- 3 |  4- 6 |  7- 9 | 10-12 || total
-------------------------+-------+-------+-------+-------++-------
Melee: Club              |    27 |       |       |       ||    27
       Unarmed           |     1 |       |       |       ||     1
       Short sword       |       |    45 |     2 |       ||    47
       Mace              |       |       |    11 |       ||    11
       Whip              |       |       |   253 |    80 ||   333
 Cast: Flame Tongue      |    54 |   121 |   240 |    63 ||   478
       Fireball          |       |       |     3 |       ||     3
       Conjure Flame     |       |       |     1 |       ||     1
  Use: Scroll            |       |     2 |     8 |       ||    10
 Stab: Sleeping          |     1 |       |       |       ||     1
Armor: Robe              |    12 |    40 |    48 |       ||   100
       Pearl dragon scal |       |       |   169 |    65 ||   234
Dodge: Dodged            |    37 |    68 |   232 |    48 ||   385
